 Dungeon Crawl Stone Soup version 0.30-a0-782-ge64f9170bb (webtiles) character file.

Game seed: 2702078408939327339

128 sanka the Insei (level 4, -6/40 HPs)
             Began as a Draconian Monk on Feb 25, 2023.
             Was an Elder of Sif Muna.
             Mangled by an orc
             ... wielding a +2 falchion of electrocution
              (19 damage)
             ... on level 3 of the Dungeon.
             The game lasted 00:02:39 (2000 turns).

sanka the Insei (Draconian Monk)                    Turns: 2000, Time: 00:02:39

Health: -6/40      AC:  6    Str: 13    XL:     4   Next: 86%
Magic:  4/4        EV: 13    Int: 10    God:    Sif Muna [****..]
Gold:   121        SH:  0    Dex: 16    Spells: 3/3 levels left

rFire   . . .      SeeInvis .      - Unarmed
rCold   . . .      Faith    .    (no shield)
rNeg    . . .      Spirit   .    (body armour unavailable)
rPois   .          Reflect  .    (helmet restricted)
rElec   .          Harm     .    l - +0 cloak
rCorr   .          Rampage  .    (no gloves)
Will    .....                    (no boots)
Stlth   ++                       (no amulet)
HPRegen 0.26/turn                (no ring)
MPRegen 0.09/turn                (no ring)

@: no status effects
A: AC +5, unfitting armour, cold-blooded
a: Renounce Religion, Channel Magic, Forget Spell, Divine Exegesis


You were on level 3 of the Dungeon.
You worshipped Sif Muna.
Sif Muna was greatly pleased with you.
You visited 1 branch of the dungeon, and saw 4 of its levels.

You collected 121 gold pieces.


Innate Abilities, Weirdness & Mutations

Your plain brown scales are hard. (AC +5)
You cannot fit into any form of body armour.
You are cold-blooded and may be slowed by cold attacks.


   Skills:
 - Level 4.0 Fighting
 - Level 2.6 Dodging
 - Level 1.7 Stealth
 + Level 5.2 Unarmed Combat


You had 3 spell levels left.
You didn't know any spells.
Your spell library was empty.

Inventory:

Armour
 l - a +0 cloak (worn)
Magical Staves
 d - a staff of earth
Wands
 i - a wand of quicksilver (6)
Scrolls
 c - 2 scrolls of poison {unknown}
 e - a scroll of enchant weapon {unknown}
 f - a scroll of identify {unknown}
 k - a scroll of torment {unknown}
Potions
 a - a potion of ambrosia
 b - a potion of haste {unknown}
 g - a potion of brilliance {unknown}
 h - a potion of curing {unknown}
 j - a potion of resistance {unknown}

Dungeon Overview and Level Annotations

Branches:
Dungeon (4/15)
 Temple: D:4-7

Altars:
Sif Muna

▒...... ▒▒▒▒.▒.▒.
▒........
▒▒▒▒▒▒▒▒▒▒▒.▒▒▒▒▒..
▒▒▒▒▒▒...........▒ ▒..
▒.......▒▒▒▒.▒▒▒.▒ ▒..
▒.▒▒▒▒.g▒▒▒▒.....▒ ▒..
▒...o.g.......▒ ▒..
......▒.d▒▒▒.g...........
▒▒.▒▒▒▒..▒ ▒........▒▒▒▒▒
▒ ..... ......[..
▒▒▒▒▒▒▒▒▒....?▒▒ . .. ≈≈≈
...


You could see 2 gnolls and an orc.


Message History

A gnoll comes into view. It is wielding a +0 spear.
The gnoll hits you with a +0 spear.
The gnoll shouts!
The gnoll hits you with a +0 spear.
The gnoll throws a throwing net.
The throwing net hits you.
You become entangled in the net!
You see here a throwing net {=f}.
You tear a large gash into the net.
The gnoll hits you with a +0 spear. The orc hits you but does no damage.
You struggle against the net.
The gnoll hits you with a +0 spear.
* * * LOW HITPOINT WARNING * * *
The orc hits you with a +2 falchion of electrocution.
* * * LOW HITPOINT WARNING * * *
A gnoll comes into view. It is wielding a +0 flail.
You shred the net and break free! The gnoll barely misses you.
The orc hits you with a +2 falchion of electrocution.
* * * LOW HITPOINT WARNING * * *
Unknown command.
The gnoll barely misses you.
There is a stone staircase leading up here.
The gnoll misses you. The gnoll hits you but does no damage.
The orc hits you with a +2 falchion of electrocution.
* * * LOW HITPOINT WARNING * * *
You are electrocuted!!
You die...

Action                     |  1- 3 |  4- 6 || total
---------------------------+-------+-------++-------
  Melee: Unarmed           |   154 |    43 ||   197
         Tailslap          |    23 |     6 ||    29
         Punch             |     3 |     1 ||     4
   Stab: Sleeping          |     5 |       ||     5
 Armour: Skin              |    52 |     8 ||    60
  Dodge: Dodged            |    80 |    19 ||    99

Levels and vault maps discovered:
D:1:      minmay_arrival_shoal_huts, layout_basic,
          ebering_ecumenical_altar_sacrificial
D:2:      layout_basic, minmay_tetromino_o4, uniq_jessica
D:3:      layout_loops_cross, nicolae_overflow_squiral, jmf_multi_god_temple,
          serial_shops, nicolae_shop_hallway_plus
D:4:      layout_basic, grunt_dithmenos_smoke, serial_shops,
          nicolae_stop_n_shop_1

Notes
Turn   | Place    | Note
-------+----------+-------------------------------------------
     0 | D:1      | sanka the Draconian Monk began the quest for the Orb.
     0 | D:1      | Reached XP level 1. HP: 19/19 MP: 1/1
   120 | D:1      | Found a faded altar of an unknown god.
   184 | D:1      | Reached XP level 2. HP: 26/26 MP: 2/2
   217 | D:1      | Prayed at the altar of an unknown god.
   217 | D:1      | Became a worshipper of Sif Muna the Loreminder
   217 | D:1      | Reached * piety under Sif Muna
   217 | D:1      | Reached ** piety under Sif Muna
   508 | D:1      | Reached *** piety under Sif Muna
   738 | D:1      | Reached skill level 4 in Fighting
   833 | D:1      | Reached XP level 3. HP: 31/33 MP: 3/3
  1279 | D:2      | Reached skill level 4 in Unarmed Combat
  1344 | D:2      | Identified the +1 chain mail "Wuepsoci" {rN+}
  1458 | D:2      | Reached XP level 4. HP: 29/40 MP: 4/4
  1681 | D:2      | Noticed Jessica
  1696 | D:2      | Killed Jessica
  1697 | D:2      | Reached skill level 5 in Unarmed Combat
  1836 | D:3      | Reached **** piety under Sif Muna
  2000 | D:3      | Mangled by an orc

Vanquished Creatures
  Jessica (D:2)
  4 adders (D:2)
  2 worms (D:2)
  A dart slug (D:1)
  An orc (D:3)
  4 endoplasms
  8 giant cockroaches
  3 goblins
  5 hobgoblins
  3 kobolds
  4 quokkas
  5 ball pythons
  6 bats
  5 frilled lizards
  3 rats
55 creatures vanquished.
